 Dungeon Crawl Stone Soup version 0.17.0 (webtiles) character file.

0 esc the Insei (level 1, 13/13 HPs)
             Began as an Octopode Transmuter on Nov 3, 2015.
             Quit the game on level 1 of the Dungeon on Nov 6, 2015.
             The game lasted 00:01:10 (97 turns).

esc the Insei (Octopode Transmuter)                   Turns: 97, Time: 00:01:10

Health: 13/13      AC:  1    Str:  9    XL:     1   Next: 10%
Magic:  3/3        EV: 12    Int: 15    God:
Gold:   21         SH:  0    Dex: 12    Spells: 1 memorised, 3 levels left

rFire  . . .     SeeInvis .       - Unarmed
rCold  . . .     Clarity  .     (no shield)
rNeg   . . .     SustAt   .     (helmet restricted)
rPois  .         Gourm    .     (no amulet)
rElec  .         Spirit   .     (no ring)
rCorr  .         Warding  .     (no ring)
rMut   .         Stasis   .     (no ring)
MR     .....                    (no ring)
Stlth  ++........               (no ring)
                                (no ring)
                                (no ring)
                                (no ring)

@: not resistant to hostile enchantments, unstealthy
A: almost no armour, amphibious, 8 rings, constrict 8, camouflage 1, gelatinous
body 1
a: no special abilities


You were on level 1 of the Dungeon.
You were not hungry.

You visited 1 branch of the dungeon, and saw 1 of its levels.

You collected 21 gold pieces.

Inventory:

Missiles
 a - 12 arrows
Books
 b - a book of Changes
Comestibles
 c - a bread ration
 d - 2 chunks of flesh


   Skills:
 + Level 1.0 Fighting
 + Level 2.0 Dodging
 + Level 3.0 Unarmed Combat
 + Level 2.0 Spellcasting
 + Level 2.0 Transmutations


You had 3 spell levels left.
You knew the following spells:

 Your Spells              Type           Power        Failure   Level  Hunger
a - Beastly Appendage     Trmt           #.....       12%         1    #......


Dungeon Overview and Level Annotations

Branches:
Dungeon (1/15)

Altars:


Innate Abilities, Weirdness & Mutations

You cannot wear most types of armour.
You are amphibious.
You can wear up to eight rings at the same time.
You can use your tentacles to constrict eight enemies at once.
Your skin changes colour to match your surroundings (Stealth).
Your rubbery body absorbs attacks (AC +1).


Message History

Welcome, esc the Octopode Transmuter.
The bosom of this dungeon contains the fabled artefact, the Orb of Zot.
Press ? for a list of commands and other information.
Found a staircase leading out of the dungeon.
Unknown command. (m)acro, (M)acro raw, keymap [(k) default, (x) level-map, (t)argeting, (c)onfirm, m(e)nu], (s)ave?
Input macro trigger key: / Input macro action: o Created macro '/' => 'o'.
You open the door.
There is an open door here.
You open the door.
There is an open door here.
You now have 12 gold pieces.
You open the door.
There is an open door here.
You open the door.
There is an open door here.
You open the door.
There is an open door here.
You now have 21 gold pieces (gained 9).
There is an open door here.
You open the door.
There is an open door here.
Found an escape hatch in the floor.
There is an escape hatch in the floor here.
There is an open door here.
Found a stone staircase leading down.
A goblin comes into view. It is wielding a club.
The helpless goblin fails to defend itself.
You tentacle-slap the goblin.
You kill the goblin!
No target in view!
No target in view!
Things that are here:
a club; a goblin corpse You butcher the goblin corpse.
d - 2 chunks of flesh You see here a club.
You enter a teleport trap!
The teleport trap disappears.
Your surroundings suddenly seem different.
Found a scroll labeled UREXOE COTEULEQ and a spear.
Saving game... please wait.
Warning: Cannot find file "HDamage.rc". (~/.crawlrc:647) Warning: Cannot find file "HDAForceMore.rc". (~/.crawlrc:650) Warning: Cannot find file "HDAColors.rc". (~/.crawlrc:653) Warning: Cannot find file "HDAtravel.rc". (~/.crawlrc:656) Welcome back, esc the Octopode Transmuter.
Press ? for a list of commands and other information.
Lua error: [string "/dgldir/rcfiles/crawl-0.17/esc.rc"]:2: attempt to call global 'AnnounceDamage' (a nil value)
A goblin comes into view. It is wielding a dagger.
Lua error: [string "/dgldir/rcfiles/crawl-0.17/esc.rc"]:2: attempt to call global 'AnnounceDamage' (a nil value) Saving game... please wait.
Warning: Cannot find file "HDamage.rc". (~/.crawlrc:647) Warning: Cannot find file "HDAForceMore.rc". (~/.crawlrc:650) Warning: Cannot find file "HDAColors.rc". (~/.crawlrc:653) Warning: Cannot find file "HDAtravel.rc". (~/.crawlrc:656) Welcome back, esc the Octopode Transmuter.
Press ? for a list of commands and other information.
Lua error: [string "/dgldir/rcfiles/crawl-0.17/esc.rc"]:2: attempt to call global 'AnnounceDamage' (a nil value) Saving game... please wait.
Warning: Cannot find file "HDamage.rc". (~/.crawlrc:647) Warning: Cannot find file "HDAForceMore.rc". (~/.crawlrc:650) Warning: Cannot find file "HDAColors.rc". (~/.crawlrc:653) Warning: Cannot find file "HDAtravel.rc". (~/.crawlrc:656) Welcome back, esc the Octopode Transmuter.
Press ? for a list of commands and other information.
Lua error: [string "/dgldir/rcfiles/crawl-0.17/esc.rc"]:2: attempt to call global 'AnnounceDamage' (a nil value) Are you sure you want to abandon this character and quit the game? (Confirm with "yes".)

#...# .## #...#
.... #...#
.....#...#
.....#...#####
.............#
#...).....#
#?@.....#
#.......#
.............#
.#.
............#.#
.#.####
g.......###.##.#
.#.....
........# #.# #
......#
........# #.#
......#
......... ...
....#.#


You could see a goblin (sleeping).

Vanquished Creatures
  A goblin (D:1)
1 creature vanquished.

Notes
Turn   | Place    | Note
--------------------------------------------------------------
     0 | D:1      | esc the Octopode Transmuter began the quest for the Orb.
     0 | D:1      | Reached XP level 1. HP: 13/13 MP: 3/3
    97 | D:1      | Upgraded the game from 0.17-b1-15-g0f5fb43 to 0.17.0
    97 | D:1      | Quit the game

Action                   || total
-------------------------++-------
Melee: Unarmed           ||     1
 Stab: Sleeping          ||     1

Vault maps used:
D:1:      dpeg_arrival_renting, grunt_decor_cap, st_stairs_2

Table legend:
 A = Turns spent in this place as a percentage of turns spent in the entire game.
 B = Non-inter-level travel turns spent in this place as a percentage of non-inter-level travel turns spent in the entire game.
 C = Inter-level travel turns spent in this place as a percentage of turns spent in this place.
 D = Turns resting spent in this place as a percentage of non-inter-level travel turns spent in this place.
 E = Turns spent auto-exploring this place as a percentage of non-inter-level travel turns spent in this place.
 F = Non-inter-level travel turns spent in this place divided by the number of levels of this place that you've seen.
                   A       B       C       D       E      F
               +-------+-------+-------+-------+-------+----------------------
         Total | 100.0 | 100.0 |   0.0 |   0.0 |  33.3 |  15.0
       Dungeon | 100.0 | 100.0 |   0.0 |   0.0 |  33.3 |  15.0
               +-------+-------+-------+-------+-------+----------------------

Table legend:
 A = Kills in this place as a percentage of kills in entire the game.
 B = Kills by you in this place as a percentage of kills by you in the entire game.
 C = Kills by friends in this place as a percentage of kills by friends in the entire game.
 D = Other kills in this place as a percentage of other kills in the entire game.
 E = Experience gained in this place as a percentage of experience gained in the entire game.
 F = Experience gained in this place divided by the number of levels of this place that you have seen.
                   A       B       C       D       E      F
               +-------+-------+-------+-------+-------+----------------------
         Total | 100.0 | 100.0 |  -nan |  -nan | 100.0 |   1.0
       Dungeon | 100.0 | 100.0 |  -nan |  -nan | 100.0 |   1.0
               +-------+-------+-------+-------+-------+----------------------
